 Dungeon Crawl Stone Soup version 0.28-a0-1518-gbe868bca14 (webtiles) character file.

Game seed: 10196784173583529638

8913 Demosthentine the Slicer (level 11, -2/72 HPs)
             Began as a Kobold Berserker on Jan 16, 2022.
             Was a High Priest of Trog.
             Slain by a seven-headed hydra (8 damage)
             ... on level 9 of the Dungeon.
             The game lasted 00:12:27 (10359 turns).

Demosthentine the Slicer (Kobold Berserker)        Turns: 10359, Time: 00:12:27

Health: -2/72      AC: 11    Str: 23    XL:     11   Next: 64%
Magic:  11/11      EV: 25    Int: 13    God:    Trog [*****.]
Gold:   567        SH:  0    Dex: 17    Spells: 10/10 levels left

rFire   + . .      SeeInvis .   c - +7 quick blade of Scorn {vorpal, *Rage Int+5}
rCold   . . .      Faith    .   (no shield)
rNeg    . . .      Spirit   .   j - +0 leather armour {rF+}
rPois   .          Reflect  .   m - +0 helmet
rElec   .          Harm     .   p - +2 cloak
rCorr   .          Rampage  .   (no gloves)
Will    .....      Rage     20% v - +2 pair of boots
Stlth   ++........              (no amulet)
HPRegen 0.22/turn               t - +6 ring of strength
MPRegen 0.12/turn               B - +4 ring of evasion

@: about to teleport, on berserk cooldown, slowed, very slow
A: small, no large weapons, nightstalker 3
a: Renounce Religion, Berserk, Trog's Hand, Brothers in Arms


You were on level 9 of the Dungeon.
You worshipped Trog.
Trog was extremely pleased with you.
You visited 2 branches of the dungeon, and saw 10 of its levels.

You collected 567 gold pieces.

Inventory:

Hand Weapons
 c - the +7 quick blade of Scorn (weapon) {vorpal, *Rage Int+5}
   (You acquired it on level 1 of the Dungeon)

   It inflicts extra damage upon your enemies.
   Int:       It affects your intelligence (+5).
   *Rage:     It berserks you when you make melee attacks (+20% chance).
 e - a +3 short sword of electrocution
Missiles
 A - a throwing net (quivered)
Armour
 j - a +0 leather armour of fire resistance (worn)
 m - a +0 helmet (worn)
 p - a +2 cloak (worn)
 v - a +2 pair of boots (worn)
Jewellery
 t - a +6 ring of strength (left hand)
 B - a +4 ring of evasion (right hand)
Wands
 h - a wand of iceblast (7)
 r - a wand of acid (6)
 y - a wand of mindburst (12)
Scrolls
 l - a scroll of fog {unknown}
 s - 2 scrolls of magic mapping
Potions
 a - 6 potions of heal wounds {unknown}
 b - 3 potions of lignification {unknown}
 d - 2 potions of curing
 f - 2 potions of cancellation
 g - 4 potions of degeneration {unknown}
 i - a potion of haste
 k - a potion of ambrosia
 n - a potion of magic
 o - a potion of mutation
 q - a potion of resistance {unknown}
 z - a potion of attraction {unknown}


   Skills:
 + Level 10.2 Fighting
 + Level 12.1 Short Blades
 - Level 7.0 Armour
 + Level 10.7 Dodging
 + Level 3.3 Evocations


You had 10 spell levels left.
You didn't know any spells.
Your spell library was empty.

Dungeon Overview and Level Annotations

Branches:
Dungeon (9/15)             Temple (1/1) D:5            Lair (0/6) D:9
    Orc: D:9-12

Altars:
Ashenzari
Dithmenos
Elyvilon
Fedhas
Gozag
Hepliaklqana
Nemelex Xobeh
Okawaru
Qazlal
Ru
Sif Muna
Trog
Vehumet
Wu Jian
Xom
Yredelemnul
Zin
The Shining One

Shops:
D:8 (


Innate Abilities, Weirdness & Mutations

You are small and have problems with some larger weapons.
You are completely attuned to the shadows.


Message History

The red ugly thing completely misses you.
You puncture the red ugly thing!
The red ugly thing is severely wounded.
You hit the red ugly thing. Your punch misses the red ugly thing.
The red ugly thing is almost dead.
You barely miss the red ugly thing.
The red ugly thing is almost dead.
You puncture the red ugly thing!
You kill the red ugly thing!
Trog accepts your kill. The two-headed ogre barely misses you.
The two-headed ogre misses you.
You puncture the seven-headed hydra!
The seven-headed hydra is lightly wounded.
You puncture the seven-headed hydra!
The seven-headed hydra is heavily wounded.
The seven-headed hydra completely misses you. x2
The seven-headed hydra bites you!
The seven-headed hydra completely misses you.
The seven-headed hydra bites you! The seven-headed hydra misses you.
The seven-headed hydra closely misses you.
You feel a strong urge to attack something.
You are no longer berserk.
You are exhausted.
You feel yourself slow down. The two-headed ogre closely misses you.
The two-headed ogre hits you with a +0 giant spiked club!!
The seven-headed hydra completely misses you. x3
The seven-headed hydra bites you! The seven-headed hydra misses you.
The seven-headed hydra barely misses you.
The seven-headed hydra bites you!
* * * LOW HITPOINT WARNING * * *
Unknown command.
As you read the scroll of teleportation, it crumbles to dust.
You feel strangely unstable.
The two-headed ogre completely misses you.
The two-headed ogre hits you with a +0 giant spiked club!
* * * LOW HITPOINT WARNING * * *
The seven-headed hydra misses you.
The seven-headed hydra bites you but does no damage. x2
The seven-headed hydra bites you!
You die...

#............
#.#...#
#............
#.#...#
#.....######
#.#.... #..#.##
#.#..## ..##...#
####'#....
...##..#
#.....#.##
####...##.#
#.....#..# .
###..###..#.#
#.....##.#
..####:.....##)#@#
#.....##..
#c.......#....cDO#
#.........
.)D#u##......###.#
#....####.
.|)#..###..### #.#
#####....# #.
.####...#### #.#
.........# #. .
#.. ..# ......####
## ......########
......#.......
......#.######


You could see a seven-headed hydra, a two-headed ogre and a centaur.

Vanquished Creatures
  A two-headed ogre (D:9)
  A centaur warrior (D:9)
  Pikel (D:7)
  2 ugly things (D:9)
  Joseph (D:8)
  A hornet (D:8)
  Prince Ribbit (D:8)
  A vampire (D:9)
  Sigmund (D:2)
  4 yaks (D:7)
  Menkaure (D:7)
  4 water moccasins
  Duvessa (D:4)
  5 orc warriors
  2 sky beasts
  A black bear (D:6)
  2 necrophages
  4 ogres (D:7)
  4 centaurs (D:7)
  2 phantoms
  2 kobold brigands
  3 bullfrogs
  A scorpion (D:5)
  Dowan (D:4)
  11 killer bees
  10 wights
  A howler monkey (D:5)
  3 bullfrog skeletons
  3 hounds
  An orc priest (D:6)
  2 centaur zombies
  2 centaur skeletons
  4 gnoll shamans
  Crazy Yiuf (D:4)
  Ijyb (D:4)
  Natasha (twice) (D:2)
  3 iguanas
  11 orc wizards
  A killer bee zombie (D:6)
  A hound skeleton (D:4)
  15 gnolls
  4 adders
  An ufetubus (D:4)
  An adder skeleton (D:4)
  3 dart slugs (D:1)
  32 orcs
  4 bats
  7 endoplasms
  5 giant cockroaches
  6 goblins
  9 hobgoblins
  4 jackals (D:4)
  10 kobolds
  4 quokkas
  7 ball pythons
  5 frilled lizards
  6 rats
227 creatures vanquished.

Vanquished Creatures (others)
  3 fungi (D:7)
  4 plants (D:7)
7 creatures vanquished.

Grand Total: 234 creatures vanquished

Notes
Turn   | Place    | Note
-------+----------+-------------------------------------------
     0 | D:1      | Demosthentine the Kobold Berserker began the quest for the
                  | Orb.
     0 | D:1      | Reached XP level 1. HP: 14/14 MP: 1/1
   437 | D:1      | Reached XP level 2. HP: 18/19 MP: 2/2
   674 | D:1      | Reached XP level 3. HP: 19/23 MP: 3/3
  1090 | D:1      | Reached XP level 4. HP: 28/29 MP: 4/4
  1175 | D:1      | Reached ** piety under Trog
  1402 | D:1      | Identified a scroll of acquirement
  1402 | D:1      | Acquired the +7 quick blade of Scorn {vorpal, *Rage Int+5}
  1545 | D:2      | Noticed Sigmund
  1550 | D:2      | Killed Sigmund
  1551 | D:2      | Reached skill level 5 in Short Blades
  1551 | D:2      | Reached XP level 5. HP: 34/34 MP: 5/5
  1551 | D:2      | Reached XP level 6. HP: 39/39 MP: 6/6
  1577 | D:2      | Noticed Natasha
  1582 | D:2      | Killed Natasha
  1907 | D:2      | Noticed Natasha
  1926 | D:2      | Killed Natasha
  2515 | D:3      | Found a faded altar of an unknown god.
  3106 | D:4      | Noticed Ijyb
  3154 | D:4      | Killed Ijyb
  3155 | D:4      | Noticed Dowan
  3179 | D:4      | Noticed Duvessa
  3185 | D:4      | Killed Dowan
  3186 | D:4      | Reached XP level 7. HP: 32/44 MP: 7/7
  3197 | D:4      | Killed Duvessa
  3198 | D:4      | Reached skill level 5 in Fighting
  3198 | D:4      | Reached skill level 6 in Short Blades
  3242 | D:4      | Reached skill level 5 in Dodging
  3401 | D:4      | Reached *** piety under Trog
  4015 | D:4      | Found a runed translucent door.
  4018 | D:4      | Noticed Crazy Yiuf
  4441 | D:4      | Killed Crazy Yiuf
  4556 | D:5      | Entered Level 5 of the Dungeon
  4674 | D:5      | Found a basalt altar of Yredelemnul.
  4685 | D:5      | Found a staircase to the Ecumenical Temple.
  4688 | D:5      | Reached XP level 8. HP: 50/50 MP: 8/8
  4705 | Temple   | Entered the Ecumenical Temple
  4879 | D:5      | Found a glowing golden altar of the Shining One.
  5182 | D:5      | Reached skill level 7 in Short Blades
  5527 | D:6      | Found a shadowy altar of Dithmenos.
  5779 | D:6      | Reached **** piety under Trog
  6048 | D:6      | Reached XP level 9. HP: 54/56 MP: 9/9
  6062 | D:6      | Reached skill level 8 in Short Blades
  6696 | D:7      | Noticed Menkaure
  6700 | D:7      | Killed Menkaure
  6701 | D:7      | Reached skill level 5 in Armour
  6817 | D:7      | Reached skill level 9 in Short Blades
  7322 | D:7      | Reached XP level 10. HP: 60/64 MP: 10/10
  7665 | D:7      | Found a hazy altar of Hepliaklqana.
  7675 | D:7      | Reached skill level 10 in Short Blades
  7822 | D:7      | Noticed Pikel
  7828 | D:7      | Killed Pikel
  7847 | D:7      | Reached ***** piety under Trog
  8581 | D:8      | Reached skill level 11 in Short Blades
  8581 | D:8      | Reached XP level 11. HP: 71/71 MP: 11/11
  8762 | D:8      | Found a sacrificial altar of Ru.
  8887 | D:8      | Found Seyziv's Firing Range.
  8917 | D:8      | Noticed Joseph
  8934 | D:8      | Killed Joseph
  8935 | D:8      | Reached skill level 10 in Dodging
  9028 | D:8      | Noticed Prince Ribbit
  9050 | D:8      | Killed Prince Ribbit
  9573 | D:9      | Found a staircase to the Lair.
  9574 | D:9      | Noticed a two-headed ogre
  9591 | D:9      | Killed a two-headed ogre
  9592 | D:9      | Reached skill level 1 in Evocations
 10109 | D:9      | Noticed a centaur warrior
 10122 | D:9      | Killed a centaur warrior
 10123 | D:9      | Reached skill level 10 in Fighting
 10319 | D:9      | Noticed a cyan ugly thing
 10320 | D:9      | Noticed a cyclops
 10320 | D:9      | Noticed a seven-headed hydra
 10320 | D:9      | Noticed a two-headed ogre
 10320 | D:9      | Noticed a red ugly thing
 10341 | D:9      | Killed a cyan ugly thing
 10342 | D:9      | Reached skill level 12 in Short Blades
 10353 | D:9      | Killed a red ugly thing
 10359 | D:9      | Slain by a seven-headed hydra

Illustrated notes

Levels and vault maps discovered:
D:1:      sevenhm_arrival_forest_fort_small_1, layout_loops_ring,
          minmay_shallow_snake_nest
D:2:      layout_loops_ring, st_stairs_14, uniq_natasha, uniq_sigmund
D:3:      layout_basic, nicolae_overflow_ecumenical_swirl
D:4:      layout_basic, uniq_duvessa, uniq_crazy_yiuf_cottage, uniq_ijyb
D:5:      layout_rooms, mainiacjoe_overflow_alcove_4,
          mainiacjoe_overflow_tiny_flanked, minmay_temple_entry_butterflies,
          nicolae_elevator_lobby_asterisk
D:6:      layout_gridville, kennysheep_mini
D:7:      kennysheep_seaside_town, layout_gridville, old_standard_altar,
          minmay_a_box_with_orc_wizards_in_it, uniq_menkaure, uniq_pikel
D:8:      layout_cave_pools, kennysheep_mini_moat, nicolae_shop_firing_range,
          uniq_joseph, uniq_prince_ribbit1
D:9:      minmay_the_grid_octo_tiled_squarecenter
          [minmay_the_grid_octo_odd_swirl, minmay_the_grid_octo_fan_narrow,
          minmay_the_grid_octo_empty, minmay_the_grid_octo_clover,
          minmay_the_grid_square_5x5_megaprize_crossed,
          minmay_the_grid_square_5x5_spiral,
          minmay_the_grid_square_5x5_one_wall,
          minmay_the_grid_square_5x5_corner, minmay_the_grid_square_5x5_six],
          layout_basic, marbit_many_paths
Temple:   cyrus_circular_temple

Skill      XL: |  1  2  3  4  5  6  7  8  9 10 11 |
---------------+----------------------------------+-----
Armour         | 2 3 4 5 6 7 |  7.0
Dodging        | 3 4 5 6 8 9 10 | 10.7
Fighting       | 4 5 6 7 9 10 | 10.2
Short Blades   | 5 6 7 9 11 12 | 12.1
Evocations     | 3 |  3.3

Action                   |  1- 3 |  4- 6 |  7- 9 | 10-12 || total
-------------------------+-------+-------+-------+-------++-------
Melee: Short sword       |    51 |    18 |   195 |   316 ||   580
       Punch             |     1 |     1 |     3 |    15 ||    20
       Quick blade       |       |    53 |   102 |    29 ||   184
       Unarmed           |       |     5 |       |       ||     5
Invok: Berserk           |     1 |     1 |     3 |     6 ||    11
       Trog's Hand       |       |       |     1 |       ||     1
  Use: Scroll            |       |     8 |     4 |     5 ||    17
 Stab: Sleeping          |     4 |    10 |    13 |     3 ||    30
       Distracted        |       |       |     1 |       ||     1
Armor: Animal skin       |     6 |     1 |       |       ||     7
       Leather armour    |       |     1 |    56 |    61 ||   118
Dodge: Dodged            |    27 |    30 |   156 |   276 ||   489

Table legend: (Time is in decaauts)
 A = Elapsed time spent in this place.
 B = Non-inter-level travel time spent in this place.
 C = Inter-level travel time spent in this place.
 D = Time resting spent in this place.
 E = Time spent auto-exploring this place.
 F = Levels seen in this place.
 G = Mean time per level.
                   A        B        C        D        E       F      G
               +--------+--------+--------+--------+--------+-----+--------+
         Total |  10345 |   9707 |    638 |    626 |   7563 |  10 | 1034.5 |
       Dungeon |  10227 |   9589 |    638 |    626 |   7473 |   9 | 1136.3 |
        Temple |    118 |    118 |      0 |      0 |     90 |   1 |  118.0 |
               +--------+--------+--------+--------+--------+-----+--------+

Top non-repeatable levels by time:
     D:7: 1786 daAuts
     D:4: 1491 daAuts
     D:1: 1442 daAuts
     D:8: 1200 daAuts
     D:6: 1115 daAuts
     D:3: 882 daAuts
     D:2: 824 daAuts
     D:9: 752 daAuts
     D:5: 732 daAuts
  Temple: 118 daAuts
